 Dungeon Crawl Stone Soup version 0.31-a0-574-g69dc8cc98e (webtiles) character file.

Game seed: 5861659385003888170

1453 ytrimaz the Ducker (level 8, 0/48 HPs)
             Began as an Octopode Shapeshifter on Aug 18, 2023.
             Was an Initiate of Ashenzari.
             Slain by a sky beast (4 damage)
             ... on level 6 of the Dungeon.
             The game lasted 00:06:15 (5273 turns).

ytrimaz the Ducker (Octopode Shapeshifter)          Turns: 5273, Time: 00:06:15

Health: 0/48       AC:  1    Str: 20    XL:     8   Next: 76%
Magic:  8/8        EV: 16    Int: 10    God:    Ashenzari [......]
Gold:   1395       SH:  0    Dex: 15    Spells: 7/7 levels left

rFire   . .          .
                       - Unarmed
rCold   . . .        (no shield)
rNeg    + . .        (helmet currently unavailable)
rPois   .            (no amulet)
rElec   .            g - ring of positive energy
rCorr   .            j - ring of wizardry
SInv    .            k - +6 ring of strength
Will    .....        a - ring of flight
Stlth   ++++         (no ring)
HPRegen 0.28/turn    (no ring)
MPRegen 0.11/turn    (no ring)
                     (no ring)

%: wizardry (x1)
@: beast-form, flying
A: beast (slay +4), almost no armour, amphibious, 8 rings, camouflage 1,
gelatinous body 1, (nimble swimmer 1), tentacles
a: Begin Untransformation, Renounce Religion, Curse Item


You were on level 6 of the Dungeon.
You worshipped Ashenzari.
Ashenzari was noncommittal.
You were a hulking beast.
You visited 2 branches of the dungeon, and saw 7 of its levels.

You collected 1395 gold pieces.


Innate Abilities, Weirdness & Mutations

You are a hulking beast.
Your limbs bulge with bestial killing power. (Slay +4)
You cannot wear most types of armour.
You are amphibious.
You can wear up to eight rings at the same time.
Your skin changes colour to match your surroundings (Stealth+).
Your rubbery body absorbs attacks. (AC +1, EV +1)
((You are camouflaged when in or above water. (Stealth+)))
You have tentacles for arms and can constrict up to eight enemies at once.


   Skills:
 - Level 1.0 Fighting
 * Level 7.4 Dodging
 + Level 4.3 Stealth
 - Level 3.0 Unarmed Combat
 - Level 6.5 Shapeshifting


You had 7 spell levels left.
You didn't know any spells.
Your spell library contained the following spells:

 Spells                   Type           Power      Damage    Failure   Level
 Magic Dart               Conj           0%         1d3       16%         1
 Sting                    Tmut/Pois      0%         1d3       16%         1
 Call Imp                 Summ           0%         N/A       22%         2
 Poisonous Vapours        Pois/Air       0%         N/A       22%         2
 Gell's Gravitas          Tloc           0%         N/A       41%         3
 Mephitic Cloud           Conj/Pois/Air  0%         N/A       41%         3
 Teleport Other           Tloc           0%         N/A       41%         3
 Olgreb's Toxic Radiance  Pois           0%         N/A       80%         4
 Dispersal                Tloc           0%         N/A       100%        6

Inventory:

Missiles
 l - a throwing net
Jewellery
 a - a ring of flight (on tentacle)
   (You found it on level 5 of the Dungeon)
 g - a ring of positive energy (left tentacle)
   (You found it on level 1 of the Dungeon)
 j - a ring of wizardry (right tentacle)
   (You found it on level 1 of the Dungeon)
 k - a +6 ring of strength (on tentacle)
   (You found it on level 4 of the Dungeon)
Talismans
 b - a beast talisman (active)
 c - a flux talisman
Scrolls
 e - 2 scrolls of poison
 m - a scroll of silence
 o - a scroll of teleportation
 p - a scroll of enchant armour {unknown}
 r - a scroll of revelation {unknown}
 s - a scroll of immolation {unknown}
Potions
 d - 4 potions of curing
 f - a potion of magic {unknown}
 h - 2 potions of might {unknown}
 i - 3 potions of mutation {unknown}
 n - 2 potions of heal wounds {unknown}
 t - a potion of cancellation {unknown}

Dungeon Overview and Level Annotations

Branches:
Dungeon (6/15) Zot: 26792  Temple (1/1) D:4 Zot: 5973

Altars:
Ashenzari
Cheibriados
Dithmenos
Fedhas
Gozag
Hepliaklqana
Kikubaaqudgha
Makhleb
Nemelex Xobeh
Okawaru
Qazlal
Sif Muna
Trog
Vehumet
Xom
Yredelemnul
Zin
The Shining One

Shops:
D:1 *:(

Annotations:
D:5 3 runed translucent doors, wormstring's ghost, novice DrSh
D:6 Jeremiah; Sigmund

. .. .. ##
### ##.### #
##..#.#.# .
#h{.....#...
##...#....Y.
##......#
###....#
....#
......$
.......
.......
.......


There were no monsters in sight!


Message History

You tentacle-slap the scorpion but do no damage.
You squeeze the scorpion, but do no damage.
You constrict the scorpion. The scorpion stings you.
You are poisoned.
The scorpion poisons you!
The scorpion closely misses you. 😕 HP[-5]
You take 5 damage, and now have 39/48 hp.
You tentacle-slap the scorpion. You constrict the scorpion.
You kill the scorpion!
You feel very sick. 😮 HP[-3]
You take 3 damage, and now have 36/48 hp.
You feel sick.
You see here a scorpion corpse. 😮 HP[-1]
You take 1 damage, and now have 35/48 hp.
You feel sick.
You feel sick.
You feel sick.
You feel sick.
You feel sick.
You feel sick.
You feel sick.
You are no longer poisoned.
A gnoll sergeant comes into view.
It is wielding a +3 heavy spear. 😮 HP[-6]
You take 6 damage, and now have 29/48 hp.
You are too injured to fight recklessly!
A gnoll sergeant is nearby!
A gnoll sergeant is nearby!
You are too injured to fight recklessly! 😮 HP[+1]
You are too injured to fight recklessly!
You are too injured to fight recklessly!
The gnoll sergeant shouts!
The gnoll shouts! x2 😮 HP[+1]
The gnoll throws a throwing net.
The throwing net barely misses you.
The gnoll puts on a burst of speed as it pursues you!
You see here a throwing net. 😮 HP[+1] Sigmund and an adder come into view.
Sigmund is wielding a +0 heavy scythe. 😮 HP[+1] Jeremiah and a sky beast come into view.
Jeremiah is wielding a +4 glaive of draining.
As you read the scroll of teleportation, it crumbles to dust.
You feel strangely unstable.
The gnoll sergeant hits you from afar with a +3 heavy spear!
* * * LOW HITPOINT WARNING * * *
😨 HP[-11]
You take 11 damage, and now have 22/48 hp.
MASSIVE DAMAGE!! (PAUSE)
Found a stone staircase leading up.
The gnoll hits you from afar with a +0 spear!
* * * LOW HITPOINT WARNING * * *
😱 HP[-10]
You take 10 damage, and now have 12/48 hp.
MASSIVE DAMAGE!! (PAUSE)
The gnoll sergeant closely misses you.
The sky beast flickers out of sight!
Deactivating autopickup; reactivate with Ctrl-A.
Something hits you.
* * * LOW HITPOINT WARNING * * *
Something shocks you.
* * * LOW HITPOINT WARNING * * *
😱 HP[-8]
You take 8 damage, and now have 4/48 hp.
Unknown command.
Your surroundings suddenly seem different.
You start resting.
A scorpion comes into view. 😱 HP[+1] Unknown command.
A scorpion is nearby!
A scorpion is nearby!
Unknown command.
You start resting.
A sky beast is nearby!
Unknown command. 😨 HP[+11]
You regained 11 hp, and now have 16/48 hp.
A sky beast is nearby!
Unknown command. 😨 HP[+1] 😨 HP[+1]
The sky beast flickers out of sight!
Something barely misses you.
You miss something. Your squeeze misses something. Something hits you.
* * * LOW HITPOINT WARNING * * *
Something shocks you.
* * * LOW HITPOINT WARNING * * *
😱 HP[-7]
You take 7 damage, and now have 11/48 hp.
Unknown command.
You barely miss something. Something hits you.
* * * LOW HITPOINT WARNING * * *
Something shocks you.
* * * LOW HITPOINT WARNING * * *
😱 HP[-7]
You take 7 damage, and now have 4/48 hp.
You tentacle-slap something. Your squeeze misses something. Something hits you.
You die...

Skill      XL: |  1  2  3  4  5  6  7  8 |
---------------+-------------------------+-----
Dodging        | 3 4 5 7 |  7.4
Shapeshifting  | 4 5 6 |  6.5
Stealth        | 4 |  4.3
Fighting       | |  1.0
Unarmed Combat | |  3.0

Action                     |  1- 3 |  4- 6 |  7- 9 || total
---------------------------+-------+-------+-------++-------
  Melee: Unarmed           |    61 |   103 |    81 ||   245
         Constrict         |    22 |    29 |    17 ||    68
         Tentacles         |    15 |    30 |    22 ||    67
         Punch             |     2 |     2 |     1 ||     5
    Use: Scroll            |     3 |     3 |     3 ||     9
         Potion            |       |     1 |     1 ||     2
   Stab: Sleeping          |     8 |     9 |     3 ||    20
         Distracted        |       |       |     1 ||     1
 Armour: Skin              |     8 |     5 |    15 ||    28
  Dodge: Dodged            |    38 |    72 |    48 ||   158

Levels and vault maps discovered:
D:1:      lightli_arrival_lavapool, layout_basic,
          chequers_ecumenical_altar_simple_redux, serial_shops, shop, shop, shop
D:2:      layout_loops_ring, basic_altar, serial_undead, serial_undead_b,
          serial_undead_d, serial_undead_c, serial_undead_b,
          minmay_misc_feat_rows
D:3:      layout_basic, kennysheep_donut, minmay_unequal
D:4:      layout_basic, minmay_temple_entry_statues_pillars, minivault_19
D:5:      layout_loops_corners, mainiacjoe_overflow_catwalk_spiral,
          gammafunk_ghost_nasty_kobolds, grunt_ministairs_15
D:6:      layout_cave_pools, nicolae_wu_jian_immortal_techniques,
          uniq_eustachio, uniq_jeremiah, uniq_sigmund
Temple:   regret_index_temple_sphere_string

Notes
Turn   | Place    | Note
-------+----------+-------------------------------------------
     0 | D:1      | ytrimaz the Octopode Shapeshifter began the quest for the
                  | Orb.
     0 | D:1      | Reached XP level 1. HP: 13/13 MP: 1/1
     0 | D:1      | magus.rc [v1.9.6]
    28 | D:1      | Found Qishruge's Antique Weapon Shoppe.
    63 | D:1      | Reached XP level 2. HP: 7/18 MP: 2/2
   203 | D:1      | Found Josozx Peos's Book Shop.
   217 | D:1      | Found a faded altar of an unknown god.
   218 | D:1      | Found Ovent's Assorted Antiques.
   397 | D:1      | You pick up a book of Minor Magic and begin reading...
   397 | D:1      | You add the spells Magic Dart, Call Imp and Mephitic Cloud
                  | to your library.
   772 | D:2      | Reached XP level 3. HP: 23/23 MP: 3/3
   902 | D:2      | Found an ancient bone altar of Kikubaaqudgha.
  1188 | D:2      | Reached XP level 4. HP: 23/28 MP: 4/4
  1215 | D:2      | Reached skill level 3 in Dodging
  1215 | D:2      | Reached skill level 4 in Shapeshifting
  1219 | D:2      | You add the spells Gell's Gravitas, Teleport Other and
                  | Dispersal to your library.
  1675 | D:3      | Reached XP level 5. HP: 33/33 MP: 5/5
  1911 | D:3      | Reached XP level 6. HP: 38/38 MP: 6/6
  1911 | D:3      | Identified the +9 spear "Eviscerator" {vamp, Dex+3}
  2234 | D:3      | Reached skill level 5 in Shapeshifting
  2446 | D:4      | Reached skill level 4 in Dodging
  2687 | D:4      | You add the spells Sting, Poisonous Vapours and Olgreb's
                  | Toxic Radiance to your library.
  2821 | D:4      | HP: 8/38 [centaur (4)]
  3083 | D:4      | Found a staircase to the Ecumenical Temple.
  3099 | Temple   | Entered the Ecumenical Temple
  3112 | Temple   | Became a worshipper of Ashenzari the Shackled
  3557 | D:5      | Entered Level 5 of the Dungeon
  3564 | D:5      | Reached XP level 7. HP: 43/43 MP: 7/7
  3653 | D:5      | Reached skill level 6 in Shapeshifting
  3656 | D:5      | Reached skill level 5 in Dodging
  3782 | D:5      | Reached XP level 8. HP: 34/48 MP: 8/8
  3849 | D:5      | Found a stormy altar of Qazlal.
  3858 | D:5      | Reached skill level 6 in Dodging
  3863 | D:5      | Reached skill level 1 in Stealth
  3985 | D:5      | Found a basalt altar of Yredelemnul.
  4082 | D:5      | Found a runed translucent gate.
  4082 | D:5      | Found a runed translucent gate.
  4082 | D:5      | Found a runed translucent gate.
  4085 | D:5      | Noticed wormstring's ghost (novice DrSh)
  4306 | D:5      | Reached skill level 2 in Stealth
  4585 | D:5      | Reached skill level 3 in Stealth
  4633 | D:5      | Reached skill level 7 in Dodging
  5034 | D:5      | Identified a scroll of acquirement
  5034 | D:5      | Acquired 1109 gold pieces
  5070 | D:6      | Reached skill level 4 in Stealth
  5213 | D:6      | Noticed Sigmund
  5215 | D:6      | Noticed Jeremiah
  5217 | D:6      | HP: 12/48 [gnoll/+0 spear[a gnoll sergeant] (10)]
  5218 | D:6      | HP: 4/48 [something (6)]
  5271 | D:6      | HP: 11/48 [something (6)]
  5272 | D:6      | HP: 4/48 [something (5)]
  5273 | D:6      | Slain by a sky beast

Vanquished Creatures
  2 water moccasins (D:5)
  An ice beast (D:5)
  A centaur (D:4)
  2 ogres (D:5)
  A phantom (D:5)
  2 scorpions
  3 killer bees (D:5)
  2 howler monkeys (D:5)
  A hound (D:5)
  A jelly (D:6)
  An iguana (D:5)
  2 sleepcaps
  3 orc wizards (D:3)
  A hound skeleton (D:2)
  11 gnolls
  8 adders
  An ufetubus (D:5)
  A worm (D:3)
  4 dart slugs
  10 orcs
  5 ball pythons
  A bat skeleton (D:2)
  9 endoplasms
  A giant cockroach (D:4)
  11 hobgoblins
  5 quokkas
  4 bats
  3 frilled lizards
  5 goblins
  5 kobolds
  5 rats
112 creatures vanquished.

Table legend:
 A = Non-vault XP
 B = Vault XP
 C = Vault XP percentage of total XP
 D = Non-vault monster count
 E = Vault monster count
 F = Vault count percentage of total count
                 A         B        C        D         E       F
            +---------+---------+-------+---------+---------+-------
      Total |    1825 |     252 |  12.1 |     106 |       6 |   5.4
            +---------+---------+-------+---------+---------+-------
        D:1 |      33 |       0 |   0.0 |      22 |       0 |   0.0
        D:2 |      96 |      20 |  17.2 |      17 |       2 |  10.5
        D:3 |     183 |       5 |   2.7 |      23 |       2 |   8.0
        D:4 |     257 |       0 |   0.0 |      20 |       0 |   0.0
        D:5 |    1099 |     227 |  17.1 |      20 |       2 |   9.1
        D:6 |     157 |       0 |   0.0 |       4 |       0 |   0.0
            +---------+---------+-------+---------+---------+-------

Skill      XL: |  1  2  3  4  5  6  7  8 |
---------------+-------------------------+-----
Dodging        | 3 4 5 7 |  7.4
Shapeshifting  | 4 5 6 |  6.5
Stealth        | 4 |  4.3
Fighting       | |  1.0
Unarmed Combat | |  3.0

Action                     |  1- 3 |  4- 6 |  7- 9 || total
---------------------------+-------+-------+-------++-------
  Melee: Unarmed           |    61 |   103 |    81 ||   245
         Constrict         |    22 |    29 |    17 ||    68
         Tentacles         |    15 |    30 |    22 ||    67
         Punch             |     2 |     2 |     1 ||     5
    Use: Scroll            |     3 |     3 |     3 ||     9
         Potion            |       |     1 |     1 ||     2
   Stab: Sleeping          |     8 |     9 |     3 ||    20
         Distracted        |       |       |     1 ||     1
 Armour: Skin              |     8 |     5 |    15 ||    28
  Dodge: Dodged            |    38 |    72 |    48 ||   158

Illustrated notes

Table legend:
 A = Kills in this place as a percentage of kills in the entire game.
 B = Kills by you in this place as a percentage of kills by you in the entire game.
 C = Kills by friends in this place as a percentage of kills by friends in the entire game.
 D = Other kills in this place as a percentage of other kills in the entire game.
 E = Experience gained in this place as a percentage of experience gained in the entire game.
 F = Experience gained in this place divided by the number of levels of this place that you have seen.
                   A       B       C       D       E      F
               +-------+-------+-------+-------+-------+----------------------
         Total | 100.0 | 100.0 |   N/A |   N/A | 100.0 | 296.7
       Dungeon | 100.0 | 100.0 |   N/A |   N/A | 100.0 | 346.2
               +-------+-------+-------+-------+-------+----------------------

Table legend: (Time is in decaauts)
 A = Elapsed time spent in this place.
 B = Non-inter-level travel time spent in this place.
 C = Inter-level travel time spent in this place.
 D = Time resting spent in this place.
 E = Time spent auto-exploring this place.
 F = Levels seen in this place.
 G = Mean time per level.
                   A        B        C        D        E       F      G
               +--------+--------+--------+--------+--------+-----+--------+
         Total |   5257 |   5063 |    194 |     70 |   4117 |   7 |  751.0 |
       Dungeon |   5230 |   5060 |    170 |     70 |   4117 |   6 |  871.7 |
        Temple |     26 |      2 |     24 |      0 |      0 |   1 |   26.0 |
               +--------+--------+--------+--------+--------+-----+--------+

Top non-repeatable levels by time:
     D:5: 1503 daAuts
     D:4: 1100 daAuts
     D:3: 939 daAuts
     D:1: 767 daAuts
     D:2: 713 daAuts
     D:6: 206 daAuts
  Temple: 26 daAuts
